 Dungeon Crawl Stone Soup version 0.21.1-1-g345015f (webtiles) character file.

340874 eccles the Axe Maniac (level 21, -1/221 HPs)
             Began as a Minotaur Berserker on June 15, 2018.
             Was the Champion of Trog.
             Killed from afar by a halazid warlock (10 damage)
             ... with a bolt of cold
             ... in the Desolation of Salt on June 29, 2018.
             The game lasted 06:10:28 (43600 turns).

eccles the Axe Maniac (Minotaur Berserker)         Turns: 43600, Time: 06:10:29

Health: -1/221     AC: 26    Str: 30    XL:     21   Next: 8%
Magic:  20/20      EV: 10    Int:  8    God:    Trog [******]
Gold:   979        SH:  5    Dex: 17    Spells: 20/20 levels left

rFire    . . .     SeeInvis .   O - +9 executioner's axe (distort)
rCold    + . .     Gourm    .   (shield currently unavailable)
rNeg     . . .     Faith    .   M - +2 plate armour {MR+}
rPois    +         Spirit   .   (helmet restricted)
rElec    +         Reflect  +   Q - +0 cloak {MR+}
rCorr    +         Harm     .   W - +2 pair of gloves {Str+3}
MR       +++..                  g - +2 pair of boots
Stlth    ..........             s - +5 amulet of reflection
HPRegen  0.46/turn              o - ring of Free Will {rCorr rElec rC+ Int+4}
MPRegen  0.17/turn              h - ring of poison resistance

@: berserk cooldown, very slightly contaminated, slowed, very heavily drained,
very slow
A: retaliatory headbutt, claws 1, horns 2, strong 1
}: 2/15 runes: barnacled, gossamer
a: Berserk, Trog's Hand, Brothers in Arms, Burn Spellbooks, Renounce Religion


You were in the Desolation of Salt.
You worshipped Trog.
Trog was exalted by your worship.
You were not hungry.

You visited 7 branches of the dungeon, and saw 36 of its levels.
You visited 1 bazaar.
You also visited: Labyrinth, Bailey, Ice Cave and Desolation.

You collected 3924 gold pieces.
You spent 2945 gold pieces at shops.

Inventory:

Hand Weapons
 v - the +5 triple crossbow of Luihast {elec, +Inv rN+ Dex+2, unknown}
   (You took it off a yaktaur on level 3 of the Vaults)

   It charges the ammunition it shoots with electricity; occasionally upon a
   hit, such missiles may discharge and cause terrible harm.
   It affects your dexterity (+2).
   It protects you from negative energy.
   It lets you turn invisible.
 y - the +11 battleaxe of Red Wine {flame, Str+3}
   (Trog gifted it to you on level 3 of the Vaults)

   It has been specially enchanted to burn those struck by it, causing extra
   injury to most foes and up to half again as much damage against particularly
   susceptible opponents.
   Big, fiery blades are also staple armaments of hydra-hunters.
   It affects your strength (+3).
 H - the +4 mace of Quarph {crush, Dex+5}
   (You took it off a merfolk siren on level 2 of the Shoals)

   It inflicts extra damage upon your enemies.
   It affects your dexterity (+5).
 O - a +9 executioner's axe of distortion (weapon)
Missiles
 f - 77 tomahawks (quivered)
 t - 20 javelins of penetration
Armour
 g - a +2 pair of boots (worn)
 K - a +6 plate armour of cold resistance
 M - a +2 plate armour of magic resistance (worn)
 Q - a +0 cloak of magic resistance (worn)
 V - a +3 plate armour of fire resistance
 W - a +2 pair of gloves of strength (worn)
Jewellery
 h - a ring of poison resistance (right hand)
 m - an uncursed ring of protection from fire
 o - the ring of Free Will (left hand) {rCorr rElec rC+ Int+4}
   (You found it in the Desolation of Salt)

   [ring of resist corrosion]

   It affects your intelligence (+4).
   It protects you from cold.
   It insulates you from electricity.
 s - a +5 amulet of reflection (around neck)
 w - the ring of Kodghub {rC+ Stlth-}
   (You found it in the Desolation of Salt)

   [ring of loudness]

   It protects you from cold.
   It makes you less stealthy.
 A - an uncursed ring of positive energy
 C - the amulet "Pafunox" {Inacc rPois rF+ rC+ Int-5}
   (You found it in the Desolation of Salt)

   [amulet of inaccuracy]

   It reduces the accuracy of all your attacks.
   It affects your intelligence (-5).
   It protects you from fire.
   It protects you from cold.
   It protects you from poison.
 J - an uncursed ring of see invisible
 T - a +4 ring of strength
Wands
 b - a wand of clouds (27)
 e - a wand of paralysis (30)
 p - a wand of digging (32)
 q - a wand of iceblast (37)
 x - a wand of enslavement (22)
 D - a wand of polymorph (52)
 N - a wand of flame (88)
 R - a wand of disintegration (15)
 Y - a wand of acid (16)
 Z - a wand of scattershot (15)
Scrolls
 d - 12 scrolls of teleportation
 l - 4 scrolls of fear
 n - 7 scrolls of fog
 r - a scroll of summoning
 E - 8 scrolls of identify
 G - 4 scrolls of enchant weapon
 I - 8 scrolls of blinking
 P - 19 scrolls of remove curse
 X - a scroll of silence
Potions
 i - 4 potions of ambrosia
 j - 2 potions of resistance
 k - 5 potions of brilliance
 u - a potion of heal wounds
 z - 4 potions of cancellation
 B - a potion of haste
 F - 4 potions of berserk rage
 L - 7 potions of agility
 S - 4 potions of flight
 U - 10 potions of curing
Comestibles
 a - 5 chunks of flesh
 c - 70 rations


   Skills:
 * Level 26.1(21.2) Fighting
 O Level 27(22.0) Axes
 + Level 4.8(1.7) Throwing
 + Level 16.2(12.1) Armour
 + Level 5.8(2.6) Dodging
 + Level 2.5(0.0) Stealth
   Level 2.7(0.0) Shields


You had 20 spell levels left.
You didn't know any spells.

Dungeon Overview and Level Annotations

Branches:
Dungeon (15/15)            Temple (0/1) D:5            Lair (6/6) D:8
 Shoals (4/4) Lair:4       Spider (4/4) Lair:4        Slime (0/5) Lair:5
    Orc (2/2) D:12            Elf (1/3) Orc:2        Vaults (4/5) D:13
  Crypt (0/3) Vaults:2     Depths (0/5) D:15

Altars:
Cheibriados
Elyvilon
Fedhas
Gozag
Makhleb
Okawaru
Qazlal
Uskayaw
Vehumet
Wu Jian
Yredelemnul
Beogh

Shops:
D:4 (=?}   D:7 }   D:13 ?   Orc:2 *([*   Shoals:4 (

Annotations:
D:8 Gastronok
Lair:5 exclusion: 2 oklob plants
Abyss:1 Polyphemus, Saint Roka


Innate Abilities, Weirdness & Mutations

You reflexively headbutt those who attack you in melee.
You have a pair of horns on your head.
You have sharp fingernails.
Your muscles are strong. (Str +2)


Message History

The bolt of negative energy hits you!
You feel drained.
* * * LOW HITPOINT WARNING * * *
You are too berserk!
You are too berserk!
You are too berserk!
You don't know any spells.
You are too berserk!
You hit the saltling but do no damage.
The saltling disappears!
The halazid warlock gestures at you while chanting.
The bolt of cold misses you.
You feel your anger nearly subside.
You are no longer berserk.
You are exhausted.
You feel yourself slow down.
Blink to where?
Press: ? - help, Dir - move target cursor You are very lightly contaminated with residual magic.
As you read the scroll of blinking, it crumbles to dust.
The halazid warlock casts a spell at you.
The bolt of cold hits you! You resist.
You die...

......... #.. ..# .§§
.........§§.§...#.[####[. §.§§
.........§.§§... #.[..##.8§§§§
......... ..§.... #....§L.....§
....... . §.§.... #)..L....§.§.
...... §§§§L..###)§:=###8....
...... §§§§..#..#§#.§.# ....
...... .§§§..§#§.#§§#..# ...
.........§§§§.§§@###.§#### .§
....)....§§.§.§§§§§§§§§ §
.........§§§.§§§§§§§§§§§
........§.....§§§§§§§§§
........§§##..§§§§§§§§§ .§
...............§§§§§§§§§§.§§
...............§§§§§§.§...§.
...............§§§§§§§§..§§§§.§
.....#........§.§§.§..§§§..§§§§§.


You could see a halazid warlock.

Vanquished Creatures
  Boris (Vaults:2)
  Bai Suzhen (Vaults:2)
  Jory (Vaults:3)
  Jorgrun (Shoals:4)
  The ghost of troglodite the Warrior, an adept DsBe of Trog (Spider:4)
  2 sphinxes (Vaults:3)
  Ilsuiw (Shoals:4)
  2 fire giants
  6 vault wardens
  2 deep elf sorcerers (Vaults:4)
  The ghost of twistedcrescendo the Warrior, a journeyman MiBe of Trog (Lair:6)
  2 ghost moths (Spider:4)
  6 emperor scorpions
  10 ironheart preservers
  5 very ugly things
  3 deep elf demonologists
  Azrael (D:13)
  A minotaur (Lab)
  3 merfolk javelineers (Shoals:4)
  A minotaur (shapeshifter) (Vaults:3)
  8 merfolk impalers
  2 crystal guardians (Desolation)
  3 fire dragons
  8 ragged hierophants
  7 ogre magi
  5 yaktaur captains
  A great orb of eyes (Vaults:3)
  4 peacekeepers (Desolation)
  Erolcha (Orc:1)
  7 servants of whispers (Desolation)
  6 vault guards
  An ice dragon (Vaults:3)
  3 hydras
  2 rakshasas (Vaults:3)
  A catoblepas (Shoals:2)
  22 two-headed ogres
  2 alligator snapping turtles (Shoals:4)
  9 centaur warriors
  2 satyrs (Shoals:3)
  3 death knights
  3 merfolk avatars
  6 merfolk aquamancers
  2 deep troll shamans
  A dancing weapon (Elf:1)
  4 death yaks
  A vampire mage (Vaults:2)
  Urug (D:14)
  A tengu warrior (D:15)
  3 orc high priests
  7 deep elf knights
  A shadow wraith (Vaults:4)
  11 deep trolls
  15 skeletal warriors
  2 unseen horrors
  8 deep elf archers
  4 wizards
  9 sea snakes
  17 ironbrand convokers
  26 harpies
  25 orb spiders
  20 orc knights
  Pikel (D:4)
  3 necromancers
  7 phantasmal warriors
  2 orc sorcerers (Orc:2)
  27 wolf spiders
  6 manticores
  10 cyclopes
  19 deep elf magi
  13 fauns
  22 ugly things
  A manticore (shapeshifter) (Vaults:1)
  15 vault sentinels
  2 moths of wrath
  3 ice statues (IceCv)
  10 merfolk sirens
  11 elephants (Lair:6)
  A molten gargoyle (Desolation)
  A guardian serpent (Desolation)
  A black mamba (Lair:6)
  6 water nymphs
  Maurice (D:8)
  3 naga magi (D:15)
  4 torpor snails
  Joseph (D:7)
  13 spiny frogs
  6 freezing wraiths
  A kobold demonologist (D:14)
  4 komodo dragons
  A komodo dragon (shapeshifter) (Vaults:4)
  25 yaktaurs
  A rime drake (shapeshifter) (D:15)
  7 ice devils (IceCv)
  9 demonic crawlers
  28 jumping spiders
  A jumping spider (shapeshifter) (Vaults:4)
  2 meliai (D:14)
  The ghost of Kagorn the Skirmisher, an amateur HOFi of Makhleb (D:4)
  6 trolls
  3 polar bears (Lair:6)
  23 merfolk
  A troll (shapeshifter) (Vaults:4)
  15 hornets
  3 wind drakes
  A wind drake (shapeshifter) (Vaults:2)
  Prince Ribbit (D:7)
  A harpy skeleton (D:15)
  A minotaur skeleton (Lab)
  11 dream sheep
  51 saltlings
  23 blink frogs
  10 slime creatures
  6 snapping turtles
  A meliai zombie (D:13)
  9 hippogriffs
  60 redbacks
  A spriggan (shapeshifter) (D:14)
  2 vampires
  26 tarantellas
  2 wyverns
  A wraith (Vaults:3)
  14 spriggans
  13 water elementals
  15 yaks
  2 basilisks
  3 fire elementals
  3 vampire mosquitoes (D:12)
  3 hungry ghosts
  Menkaure (D:7)
  12 wargs
  A floating eye (shapeshifter) (Vaults:2)
  3 hell hounds (D:13)
  Duvessa (D:4)
  4 acid dragons
  7 porcupines
  8 water moccasins
  70 orc warriors
  3 slaves (D:4)
  8 black bears
  2 ice beasts
  4 sky beasts
  25 ogres
  3 phantoms
  6 necrophages
  16 boggarts
  23 centaurs
  32 wolves
  13 crocodiles
  5 big kobolds
  14 bullfrogs
  A wyvern zombie (D:15)
  A water moccasin zombie (D:8)
  A scorpion (shapeshifter) (Vaults:3)
  Dowan (D:4)
  4 scorpions
  6 wights
  3 killer bees (D:11)
  A human simulacrum (Vaults:2)
  5 electric eels
  10 howler monkeys
  4 centaur zombies
  5 crimson imps
  A quasit (D:14)
  A bullfrog zombie (D:12)
  5 hounds
  2 jellies
  29 orc priests
  9 bullfrog skeletons
  4 iguanas
  36 orc wizards
  6 hell rats (Lair:3)
  15 worker ants
  2 troll simulacra (IceCv)
  2 spriggan simulacra (IceCv)
  3 centaur simulacra (IceCv)
  A hound zombie (D:10)
  3 worker ant zombies
  15 gnolls
  A howler monkey skeleton (D:7)
  An ogre simulacrum (IceCv)
  11 adders
  2 naga simulacra (IceCv)
  2 shadow imps
  An adder zombie (D:8)
  2 adder skeletons
  5 worms
  4 dart slugs
  5 leopard geckos
  156 orcs
  5 giant cockroaches
  27 goblins
  28 hobgoblins
  10 jackals
  16 kobolds
  6 quokkas
  2 ball pythons
  9 bats
  7 frilled lizards
  A jackal skeleton (D:4)
  A quokka skeleton (D:4)
  8 rats
  3 bushes (D:8)
  A butterfly (D:10)
  4 fungi
  5 plants
1655 creatures vanquished.

Vanquished Creatures (collateral kills)
  An orc warlord (Bailey)
  A merfolk siren (Shoals:2)
  A merfolk (Shoals:2)
  An orc (Bailey)
  A goblin (Bailey)
5 creatures vanquished.

Vanquished Creatures (others)
  An imperial myrmidon (Desolation)
  2 vault wardens
  An emperor scorpion (Spider:4)
  A stone giant (Vaults:4)
  An ironheart preserver (Vaults:4)
  A deep elf demonologist (Vaults:4)
  A merfolk javelineer (Shoals:2)
  2 ragged hierophants (Desolation)
  An ice dragon (Vaults:3)
  2 vault guards
  A yaktaur captain (Vaults:4)
  A merfolk aquamancer (Shoals:4)
  2 centaur warriors
  A deep troll shaman (Vaults:3)
  A death knight (Vaults:4)
  A two-headed ogre (Vaults:1)
  A deep elf knight (Vaults:1)
  A sea snake (Shoals:3)
  A skeletal warrior (D:11)
  An ironbrand convoker (Vaults:1)
  A flayed ghost (Vaults:2)
  3 orc knights
  A deep elf mage (Vaults:4)
  An ugly thing (Vaults:3)
  2 wolf spiders
  A cyclops (Shoals:3)
  A manticore (Shoals:1)
  3 fauns
  A salamander (shapeshifter) (Vaults:1)
  A moth of wrath (Shoals:2)
  An ice statue (IceCv)
  2 centaur zombies
  A merfolk siren (Shoals:1)
  A freezing wraith (Vaults:2)
  A yaktaur (Vaults:1)
  An ice devil (IceCv)
  A merfolk (Shoals:3)
  A jumping spider (Spider:1)
  2 blink frogs
  3 saltlings (Desolation)
  A hippogriff (D:11)
  3 redbacks
  A snapping turtle (Shoals:2)
  A spriggan (Lair:6)
  2 tarantellas
  A water elemental (Shoals:4)
  A spriggan (shapeshifter) (Vaults:2)
  2 wargs
  A black bear (D:8)
  An orc warrior (Vaults:2)
  A wolf (Lair:4)
  A bullfrog zombie (D:8)
  A jelly (Lair:5)
  An orc (Orc:2)
  6 fungi
  10 plants
87 creatures vanquished.

Grand Total: 1747 creatures vanquished

Notes
Turn   | Place    | Note
-------+----------+-------------------------------------------
     0 | D:1      | eccles the Minotaur Berserker began the quest for the Orb.
     0 | D:1      | Reached XP level 1. HP: 19/19 MP: 0/0
    49 | D:1      | Reached XP level 2. HP: 9/27 MP: 1/1
    66 | D:1      | Reached skill level 4 in Axes
   597 | D:1      | Reached XP level 3. HP: 29/33 MP: 2/2
  1186 | D:2      | Reached ** piety under Trog
  1222 | D:2      | Noticed an ogre
  1233 | D:2      | HP: 1/51 [ogre/giant club (8)]
  1235 | D:2      | Killed an ogre
  1235 | D:2      | Reached skill level 5 in Fighting
  1235 | D:2      | Reached skill level 5 in Axes
  1235 | D:2      | Reached XP level 4. HP: 2/42 MP: 3/3
  1235 | D:2      | Reached XP level 5. HP: 2/48 MP: 4/4
  1676 | D:2      | Found a white marble altar of Elyvilon.
  2146 | D:3      | Reached skill level 6 in Axes
  2428 | D:3      | Reached *** piety under Trog
  2542 | D:3      | Reached XP level 6. HP: 30/56 MP: 5/5
  2902 | D:4      | Got a fine trident
  2933 | D:4      | Noticed a slave
  2934 | D:4      | Noticed a slave
  2935 | D:4      | Noticed Pikel
  2935 | D:4      | Noticed a slave
  2936 | D:4      | Noticed Dowan
  2940 | D:4      | Noticed a slave
  2959 | D:4      | Found a basalt altar of Yredelemnul.
  2963 | D:4      | Killed a slave
  2967 | D:4      | Killed a slave
  2974 | D:4      | Killed Dowan
  2974 | D:4      | Reached skill level 7 in Axes
  2979 | D:4      | Killed a slave
  2980 | D:4      | Killed Pikel
  2980 | D:4      | Reached skill level 8 in Axes
  2980 | D:4      | Reached XP level 7. HP: 28/64 MP: 6/6
  2992 | D:4      | Noticed Duvessa
  3005 | D:4      | Killed Duvessa
  3005 | D:4      | Reached skill level 9 in Axes
  3405 | D:4      | Found Nafedakk's Antique Weapon Shoppe.
  3447 | D:4      | Found Peivepi's Gadget Shoppe.
  3507 | D:4      | Found a snail-covered altar of Cheibriados.
  3570 | D:4      | Reached XP level 8. HP: 71/71 MP: 7/7
  3582 | D:4      | Found a stormy altar of Qazlal.
  3593 | D:4      | Found Viabburo's Book Shop.
  3595 | D:4      | Noticed Kagorn's ghost (amateur HOFi)
  3607 | D:4      | Reached **** piety under Trog
  3617 | D:4      | Killed Kagorn's ghost
  3617 | D:4      | Reached skill level 5 in Armour
  3912 | D:4      | Noticed an air elemental
  3983 | D:4      | Found Ziavi Lyku's Magic Scroll Shop.
  3987 | D:4      | Found Xyeparocw's Jewellery Shoppe.
  4012 | D:4      | Reached skill level 10 in Axes
  4183 | D:5      | Entered Level 5 of the Dungeon
  4593 | D:5      | Found a staircase to the Ecumenical Temple.
  5100 | D:6      | Got a faintly glowing leather armour
  5101 | D:6      | Identified the +1 leather armour of the Slightly Bent {MR++ Str-4 Slay+2} (You found it on level 6 of the Dungeon)
  5121 | D:6      | Found Miqil's Food Shop.
  5173 | D:6      | Found a hide-covered altar of Uskayaw.
  5179 | D:6      | Found a radiant altar of Vehumet.
  5482 | D:7      | Found an ornate altar of the Wu Jian Council.
  5525 | D:7      | Reached XP level 9. HP: 75/79 MP: 8/8
  5526 | D:7      | Noticed Joseph
  5537 | D:7      | Killed Joseph
  5537 | D:7      | Reached skill level 11 in Axes
  5550 | D:7      | Reached skill level 1 in Shields
  5575 | D:7      | Noticed Prince Ribbit
  5603 | D:7      | Killed Prince Ribbit
  5635 | D:7      | Found a flagged portal.
  5646 | D:7      | Noticed Menkaure
  5651 | D:7      | Killed Menkaure
  5664 | Bailey   | Entered a bailey
  5867 | Bailey   | Reached skill level 1 in Stealth
  5969 | Bailey   | Reached ***** piety under Trog
  5983 | Bailey   | Noticed an orc knight
  6005 | Bailey   | Killed an orc knight
  6005 | Bailey   | Reached skill level 12 in Axes
  6433 | Bailey   | Reached XP level 10. HP: 71/90 MP: 9/9
  6451 | Bailey   | Noticed an orc knight
  6470 | Bailey   | Killed an orc knight
  6513 | Bailey   | Noticed an orc warlord
  6528 | Bailey   | Killed an orc warlord
  6528 | Bailey   | Reached skill level 13 in Axes
  6529 | Bailey   | Noticed an orc knight
  6540 | Bailey   | Killed an orc knight
  6565 | Bailey   | Noticed an orc knight
  6574 | Bailey   | Killed an orc knight
  6574 | Bailey   | Reached skill level 10 in Fighting
  6830 | D:7      | Identified a scroll of acquirement
  6955 | D:7      | Received a gift from Trog
  7087 | D:7      | Found Vyckynk Kaor's Gadget Emporium.
  7412 | D:8      | Found a staircase to the Lair.
  7475 | D:8      | Reached skill level 14 in Axes
  7618 | D:8      | Reached XP level 11. HP: 84/101 MP: 10/10
  7674 | D:8      | Reached skill level 16 in Axes
  7674 | D:8      | Reached XP level 12. HP: 111/112 MP: 11/11
  7728 | D:8      | Noticed a centaur warrior
  7732 | D:8      | Killed a centaur warrior
  7982 | D:8      | Noticed a two-headed ogre
  7994 | D:8      | Killed a two-headed ogre
  8042 | D:8      | Noticed Maurice
  8061 | D:8      | Found a blossoming altar of Fedhas.
  8221 | D:8      | Noticed Gastronok
  8222 | D:8      | Noticed a two-headed ogre
  8297 | D:8      | Killed a two-headed ogre
  8358 | D:8      | Noticed a two-headed ogre
  8367 | D:8      | Killed a two-headed ogre
  8367 | D:8      | Reached skill level 17 in Axes
  8590 | D:8      | Killed Maurice
  8670 | Lair:1   | Entered Level 1 of the Lair of Beasts
  8811 | Lair:1   | Gained mutation: Your muscles are strong. (Str +2) [potion of mutation]
  8811 | Lair:1   | Gained mutation: You have sharp fingernails. [potion of mutation]
  8823 | Lair:1   | Got a clouded emerald amulet
  8830 | Lair:1   | Identified the amulet "Bawk" {Spirit *Corrode rElec rF+ Int+5} (You found it on level 1 of the Lair of Beasts)
  9316 | Lair:2   | Received a gift from Trog
  9393 | Lair:2   | Reached skill level 18 in Axes
 10127 | Lair:3   | Noticed a four-headed hydra
 10137 | Lair:3   | Killed a seven-headed hydra
 10137 | Lair:3   | Reached XP level 13. HP: 91/122 MP: 10/12
 10166 | Lair:3   | You fall through a shaft for 2 floors!
 10166 | Lair:5   | Found an opulent altar of Gozag.
 10328 | Lair:5   | Found a staircase to the Slime Pits.
 10510 | Lair:5   | Reached skill level 19 in Axes
 10992 | Lair:4   | Received a gift from Trog
 10998 | Lair:4   | Reached skill level 10 in Armour
 11261 | Lair:4   | Found a staircase to the Shoals.
 11439 | Lair:4   | Found a hole to the Spider Nest.
 11903 | Lair:6   | Entered Level 6 of the Lair of Beasts
 12241 | Lair:6   | Noticed twistedcrescendo's ghost (journeyman MiBe)
 12244 | Lair:6   | Reached skill level 20 in Axes
 12279 | Lair:6   | Killed twistedcrescendo's ghost
 12290 | Lair:6   | Received a gift from Trog
 12294 | Lair:6   | Reached XP level 14. HP: 76/133 MP: 10/13
 13174 | D:9      | Found an iron altar of Okawaru.
 13640 | D:10     | Entered Level 10 of the Dungeon
 13672 | D:10     | Reached skill level 21 in Axes
 13678 | D:10     | Reached ****** piety under Trog
 13857 | D:10     | Found a roughly hewn altar of Beogh.
 13859 | D:10     | Received a gift from Trog
 13936 | D:10     | Found a burning altar of Makhleb.
 14299 | D:11     | Found Feigu's Food Emporium.
 14312 | D:11     | Bought a ration for 60 gold pieces
 14312 | D:11     | Bought a ration for 60 gold pieces
 14312 | D:11     | Bought a ration for 60 gold pieces
 14312 | D:11     | Bought a ration for 60 gold pieces
 14312 | D:11     | Bought a ration for 60 gold pieces
 14312 | D:11     | Bought a ration for 60 gold pieces
 14312 | D:11     | Bought a ration for 60 gold pieces
 14312 | D:11     | Bought a ration for 60 gold pieces
 14312 | D:11     | Bought a ration for 60 gold pieces
 14340 | D:11     | Reached skill level 15 in Fighting
 14370 | D:11     | Found a labyrinth entrance.
 14376 | Lab      | Entered a labyrinth
 15472 | D:12     | Found a staircase to the Orcish Mines.
 16095 | D:12     | Received a gift from Trog
 16195 | Orc:1    | Entered Level 1 of the Orcish Mines
 16332 | Orc:2    | Entered Level 2 of the Orcish Mines
 16488 | Orc:1    | Noticed Erolcha
 16498 | Orc:1    | Killed Erolcha
 16498 | Orc:1    | Reached skill level 22 in Axes
 16882 | Orc:2    | Found a roughly hewn altar of Beogh.
 16892 | Orc:2    | Received a gift from Trog
 17009 | Orc:2    | Noticed Saint Roka
 17028 | Orc:2    | Banished Saint Roka
 17028 | Orc:2    | Reached XP level 15. HP: 119/143 MP: 9/14
 17205 | Orc:2    | Found Neqo's Antique Armour Shoppe.
 17206 | Orc:2    | Found a roughly hewn altar of Beogh.
 17211 | Orc:2    | Found Kooblec's Antique Weapon Emporium.
 17295 | Orc:2    | Found a roughly hewn altar of Beogh.
 17296 | Orc:2    | Found Nyvamm's Assorted Antiques.
 17443 | Orc:2    | Found a roughly hewn altar of Beogh.
 17484 | Orc:2    | Found a staircase to the Elven Halls.
 17517 | Orc:2    | Found a roughly hewn altar of Beogh.
 17616 | Orc:2    | Found a roughly hewn altar of Beogh.
 17646 | Orc:2    | Found a roughly hewn altar of Beogh.
 17648 | Orc:2    | Found Neofoz's General Store.
 17689 | Orc:2    | Bought a scroll of magic mapping for 45 gold pieces
 18062 | D:13     | Received a gift from Trog
 18092 | D:13     | Found a gate to the Vaults.
 18198 | D:13     | Found Sisaic's Magic Scroll Shop.
 18233 | D:13     | Bought a scroll of identify for 24 gold pieces
 18233 | D:13     | Bought 2 scrolls of identify for 48 gold pieces
 18233 | D:13     | Bought a scroll of remove curse for 36 gold pieces
 18233 | D:13     | Bought a scroll of identify for 24 gold pieces
 18233 | D:13     | Bought a scroll of identify for 24 gold pieces
 18233 | D:13     | Bought a scroll of identify for 24 gold pieces
 18302 | D:13     | Noticed Azrael
 18320 | D:13     | Reached skill level 23 in Axes
 18324 | D:13     | Killed Azrael
 18610 | D:14     | Received a gift from Trog
 18707 | D:14     | Noticed Urug
 19301 | D:14     | Killed Urug
 19431 | D:15     | Entered Level 15 of the Dungeon
 19461 | D:15     | Found a frozen archway.
 19468 | IceCv    | Entered an ice cave
 20303 | D:15     | Received a gift from Trog
 20616 | D:15     | Found a staircase to the Depths.
 21217 | D:6      | Bought a ration for 70 gold pieces
 21217 | D:6      | Bought a ration for 70 gold pieces
 21217 | D:6      | Bought a ration for 70 gold pieces
 21217 | D:6      | Bought a ration for 70 gold pieces
 21217 | D:6      | Bought a ration for 70 gold pieces
 21217 | D:6      | Bought a ration for 70 gold pieces
 21217 | D:6      | Bought a ration for 70 gold pieces
 21217 | D:6      | Bought a ration for 70 gold pieces
 21217 | D:6      | Bought a ration for 70 gold pieces
 21217 | D:6      | Bought a ration for 70 gold pieces
 21217 | D:6      | Bought a ration for 70 gold pieces
 21503 | D:4      | Bought a scroll of identify for 28 gold pieces
 21503 | D:4      | Bought a scroll of identify for 28 gold pieces
 21503 | D:4      | Bought a scroll of remove curse for 42 gold pieces
 21503 | D:4      | Bought a scroll of identify for 28 gold pieces
 21503 | D:4      | Bought a scroll of identify for 28 gold pieces
 21503 | D:4      | Bought a scroll of remove curse for 42 gold pieces
 21503 | D:4      | Bought a scroll of identify for 28 gold pieces
 21503 | D:4      | Bought a scroll of identify for 28 gold pieces
 21627 | D:4      | Bought a +5 amulet of reflection for 576 gold pieces
 22133 | Shoals:1 | Entered Level 1 of the Shoals
 22349 | Shoals:1 | Reached skill level 1 in Throwing
 22351 | Shoals:1 | Reached XP level 16. HP: 147/155 MP: 15/15
 22620 | Shoals:1 | Received a gift from Trog
 23004 | Shoals:2 | Reached skill level 24 in Axes
 23023 | Shoals:2 | Received a gift from Trog
 23360 | Shoals:2 | Got a bloodstained mace {crush}
 24786 | Shoals:2 | Noticed Polyphemus
 24814 | Shoals:2 | Banished Polyphemus
 25098 | Shoals:3 | Received a gift from Trog
 26292 | Shoals:4 | Entered Level 4 of the Shoals
 26768 | Shoals:4 | Reached skill level 25 in Axes
 27097 | Shoals:4 | Found Naryser's Antique Weapon Boutique.
 27148 | Shoals:4 | Reached XP level 17. HP: 117/165 MP: 16/16
 27158 | Shoals:4 | Received a gift from Trog
 27468 | Shoals:4 | Got a barnacled rune of Zot
 27588 | Shoals:4 | Noticed Ilsuiw
 27596 | Shoals:4 | Noticed Jorgrun
 27627 | Shoals:4 | Killed Jorgrun
 27687 | Shoals:4 | Killed Ilsuiw
 28224 | Spider:1 | Entered Level 1 of the Spider Nest
 28667 | Spider:1 | Received a gift from Trog
 29180 | Spider:1 | Got a transparent chain mail
 29181 | Spider:1 | Identified the +2 chain mail of Feczi Wen {rC- MP+9 Str+4} (You found it on level 1 of the Spider Nest)
 29416 | Spider:1 | Reached skill level 26 in Axes
 31447 | Spider:4 | Entered Level 4 of the Spider Nest
 32017 | Spider:4 | Noticed troglodite's ghost (adept DsBe)
 32051 | Spider:4 | Killed troglodite's ghost
 32051 | Spider:4 | Reached XP level 18. HP: 93/176 MP: 17/17
 32734 | Spider:4 | Received a gift from Trog
 33524 | Spider:4 | Reached skill level 5 in Dodging
 33811 | Spider:4 | Got a gossamer rune of Zot
 34268 | Vaults:1 | Entered Level 1 of the Vaults
 34632 | Vaults:1 | Received a gift from Trog
 35425 | Vaults:1 | Reached skill level 27 in Axes
 35714 | Vaults:2 | Noticed Boris
 35732 | Vaults:2 | Killed Boris
 35732 | Vaults:2 | Received a gift from Trog
 35742 | Vaults:2 | Found a flickering gateway to a bazaar.
 35751 | Bazaar   | Entered a bazaar
 35765 | Bazaar   | Found Ethepil's Antique Armour Shoppe.
 35787 | Bazaar   | Found Cifamnah's General Store.
 35787 | Bazaar   | Found Elayl's Jewellery Emporium.
 35809 | Bazaar   | Found Jeujakop's Weapon Shoppe.
 35809 | Bazaar   | Found Cextod's Antique Armour Emporium.
 35894 | Bazaar   | Bought an embroidered hat for 182 gold pieces
 36076 | Vaults:2 | Found Wugod's Food Emporium.
 36118 | Vaults:2 | Bought a ration for 50 gold pieces
 36118 | Vaults:2 | Bought a ration for 50 gold pieces
 36118 | Vaults:2 | Bought a ration for 50 gold pieces
 36118 | Vaults:2 | Bought a ration for 50 gold pieces
 36118 | Vaults:2 | Bought a ration for 50 gold pieces
 36118 | Vaults:2 | Bought a ration for 50 gold pieces
 36118 | Vaults:2 | Bought a ration for 50 gold pieces
 36118 | Vaults:2 | Bought a ration for 50 gold pieces
 36165 | Vaults:2 | Received a gift from Trog
 36168 | Vaults:2 | Reached XP level 19. HP: 170/189 MP: 18/18
 36382 | Vaults:2 | Identified the +4 mace of Quarph {crush, Dex+5} (You took it off a merfolk siren on level 2 of the Shoals)
 36532 | Vaults:2 | Noticed Bai Suzhen
 36544 | Vaults:2 | Killed Bai Suzhen
 36548 | Vaults:2 | Received a gift from Trog
 36813 | Vaults:2 | Found a staircase to the Crypt.
 37107 | Vaults:3 | Noticed Jory
 37130 | Vaults:3 | Killed Jory
 37786 | Vaults:3 | Received a gift from Trog
 37848 | Vaults:3 | Got an iridescent battleaxe {god gift}
 37849 | Vaults:3 | Identified the +11 battleaxe of Red Wine {flame, Str+3} (Trog gifted it to you on level 3 of the Vaults)
 38313 | Vaults:3 | Received a gift from Trog
 38323 | Vaults:3 | Got a crystal arbalest
 38332 | Vaults:3 | Identified the +2 arbalest of Hevarunk {venom, *Corrode MR++} (You took it off an ironheart preserver on level 3 of the Vaults)
 38679 | Vaults:3 | Reached skill level 15 in Armour
 39179 | Vaults:3 | Reached XP level 20. HP: 190/206 MP: 19/19
 39209 | Vaults:3 | Got an uncursed ichor-stained triple crossbow {elec}
 39480 | Vaults:3 | Found a burning altar of Makhleb.
 39739 | Vaults:4 | Received a gift from Trog
 41159 | Vaults:4 | Received a gift from Trog
 41378 | Vaults:4 | Received a gift from Trog
 42517 | Elf:1    | Entered Level 1 of the Elven Halls
 42651 | Elf:1    | Found a ruined gateway.
 42673 | Desolati | Entered the Desolation of Salt
 42712 | Desolati | Received a gift from Trog
 43093 | Desolati | Got a glittering marble ring
 43109 | Desolati | Identified the ring of Free Will {rCorr rElec rC+ Int+4} (You found it in the Desolation of Salt)
 43197 | Desolati | Got a flickering sapphire amulet
 43201 | Desolati | Identified the amulet "Raghath" {*Slow +Rage rN+ Dex+5} (You found it in the Desolation of Salt)
 43205 | Desolati | Got a shimmering broad axe
 43207 | Desolati | Identified the cursed +2 broad axe of Doom {flame, Str-4 Int+7 Stlth+} (You found it in the Desolation of Salt)
 43292 | Desolati | Got a slimy platinum amulet
 43302 | Desolati | Identified the amulet "Pafunox" {Inacc rPois rF+ rC+ Int-5} (You found it in the Desolation of Salt)
 43305 | Desolati | Got a fine steel ring
 43306 | Desolati | Identified the ring of Kodghub {rC+ Stlth-} (You found it in the Desolation of Salt)
 43417 | Desolati | Reached XP level 21. HP: 208/220 MP: 20/20
 43489 | Desolati | Received a gift from Trog
 43596 | Desolati | HP: 10/331 [halazid warlock/bolt of negative energy (35)]
 43600 | Desolati | Killed from afar by a halazid warlock

Skill      XL: |  1  2  3  4  5  6  7  8  9 10 11 12 13 14 15 16 17 18 19 20 21 |
---------------+----------------------------------------------------------------+-----
Fighting       | 4 5 6 7 8 10 11 13 14 15 17 18 19 21 23 25 26 | 26.1
Axes           | 4 5 6 8 9 10 12 14 16 18 20 22 23 25 26 27 | 27.0
Dodging        | 3 4 5 |  5.8
Armour         | 3 6 8 9 10 11 12 13 14 15 16 | 16.2
Shields        | 2 |  2.7
Stealth        | 1 2 |  2.5
Throwing       | 1 2 3 4 |  4.8

Action                   |  1- 3 |  4- 6 |  7- 9 | 10-12 | 13-15 | 16-18 | 19-21 || total
-------------------------+-------+-------+-------+-------+-------+-------+-------++-------
Melee: Hand axe          |    82 |   155 |   292 |    97 |       |       |       ||   626
       Headbutt          |    12 |    19 |    50 |    69 |   222 |   263 |   220 ||   855
       Executioner's axe |       |       |       |   217 |  1035 |  1049 |   794 ||  3095
Throw: Tomahawk          |       |       |       |     2 |    25 |    72 |    30 ||   129
Invok: Berserk           |     1 |       |     3 |     2 |     7 |     9 |     3 ||    25
       Burn Spellbooks   |     1 |       |       |       |     2 |     4 |     4 ||    11
       Trog's Hand       |       |       |       |     1 |     1 |     1 |       ||     3
       Brothers in Arms  |       |       |       |     1 |       |     1 |       ||     2
Evoke: Wand              |       |       |       |       |     4 |    40 |     1 ||    45
  Use: Scroll            |       |     9 |     9 |    11 |    18 |    12 |    17 ||    76
       Potion            |       |       |     7 |     6 |     4 |    16 |       ||    33
 Stab: Petrified         |       |       |       |       |       |     2 |       ||     2
       Held in net/web   |       |       |       |       |       |     1 |       ||     1
  Eat: Chunk             |     1 |     6 |    15 |    13 |    29 |    25 |    14 ||   103
       Ration            |       |       |       |     1 |     7 |     8 |     4 ||    20
Armor: Animal skin       |    14 |    17 |       |       |       |       |       ||    31
       Chain mail        |       |    19 |    11 |       |       |       |       ||    30
       Plate armour      |       |       |    91 |   153 |   571 |   740 |   310 ||  1865
Dodge: Dodged            |    47 |    84 |    45 |    96 |   439 |   455 |   224 ||  1390
Block: Buckler           |       |       |    20 |    10 |       |       |       ||    30
       Other             |       |       |       |       |     3 |   217 |   101 ||   321
       Reflection        |       |       |       |       |     2 |    41 |    19 ||    62
